AoeStats
← ...

Arena

508935232Analyzed
2v2 RM · 9d ago on Sep 24, 2026· 67m 30s· 4 players
Game mode
Random Map
Map size
Medium (4 player)
Population
200
Speed
Normal
Resources
Standard
Victory
Conquest
Starting age
Dark Age
Ending age
Imperial Age
RankedLock teamsTeams togetherTeam positionsShared explorationLock speedFull tech treeHidden civsTurbo modeCheats
Victory
Defeat
🇵🇪 Maya · Peru
1067
+13
999
+16
🇺🇸 Spanish · United States
1019
-15
🇺🇸 Romans · United States
997
-14
X Saint
10:32 Feudal Age
12:35 Loom
16:16 Castle Age
15:54 Double-Bit Axe
16:03 Gold Mining
15:57 Horse Collar
16:57 Loom
17:54 Stone Mining
20:35 Husbandry
22:06 Bow Saw
29:48 Imperial Age
31:43 Chemistry
33:29 Bloodlines
34:09 Wheelbarrow
33:19 Town Watch
miltiades0490
10:40 Feudal Age
10:27 Loom
15:38 Castle Age
13:38 Double-Bit Axe
13:52 Horse Collar
19:43 Bow Saw
24:09 Heavy Plow
24:47 Gold Mining
24:48 Stone Mining
26:27 Wheelbarrow
25:38 Town Watch
29:45 Imperial Age
27:27 Man-at-Arms
28:19 Scale Mail Armor
28:10 Fletching
28:43 Ballistics
28:16 Long Swordsman
29:43 Squires
30:25 Gold Shaft Mining
30:51 Conscription
30:31 Capped Ram
31:49 Masonry
32:30 Crop Rotation
32:18 Siege Engineers
33:14 Chemistry
32:18 Legionary
33:37 Hand Cart
34:39 Comitatenses
34:53 Town Patrol
35:09 Ballistas
34:49 Siege Ram
39:45 Pikeman
40:29 Halberdier
41:32 Chain Mail Armor
41:13 Bodkin Arrow
41:29 Forging
42:37 Coinage
41:34 Heavy Scorpion
45:36 Banking
45:23 Guilds
55:19 Architecture
...
0:30 Loom
11:15 Feudal Age
15:03 Castle Age
13:31 Double-Bit Axe
14:07 Horse Collar
17:29 Bow Saw
17:21 Heavy Plow
21:15 Fletching
22:00 Padded Archer Armor
23:12 Wheelbarrow
24:14 Gold Mining
24:15 Stone Mining
24:34 Bodkin Arrow
26:34 Stone Shaft Mining
26:29 Leather Archer Armor
27:08 Hand Cart
27:29 Thumb Ring
27:18 Elite Skirmisher
30:38 Hul'che Javelineers
33:29 Imperial Age
30:47 Town Watch
31:57 Eagle Warrior
32:23 Arson
32:38 Squires
32:51 Forging
32:41 Scale Mail Armor
33:29 Town Patrol
35:08 Bracer
35:39 Ring Archer Armor
38:09 Iron Casting
37:49 Chain Mail Armor
38:57 Heavy Scorpion
46:17 Crop Rotation
46:55 Two-Man Saw
46:34 Elite Plumed Archer
48:41 Conscription
51:59 Chemistry
52:39 Ring Archer Armor
54:13 Ballistics
꧁༺乡 SC∆R 乡 ༻꧂
8:20 Loom
10:36 Feudal Age
11:02 Double-Bit Axe
10:58 Horse Collar
18:14 Castle Age
16:57 Gold Mining
17:33 Stone Mining
19:18 Bow Saw
21:43 Heavy Plow
23:40 Town Watch
31:41 Imperial Age
29:23 Fletching
29:53 Padded Archer Armor
30:03 Bodkin Arrow
30:52 Gold Shaft Mining
30:43 Ballistics
29:57 Elite Skirmisher
31:02 Leather Archer Armor
33:22 Chemistry
33:21 Bracer
34:03 Ring Archer Armor
33:59 Scale Barding Armor
35:14 Two-Man Saw
36:19 Chain Barding Armor
36:54 Forging
38:56 Plate Barding Armor
39:25 Wheelbarrow
41:06 Iron Casting
45:57 Blast Furnace
45:10 Bloodlines
45:00 Husbandry
45:28 Hand Cart
45:46 Elite Mameluke
48:58 Thumb Ring
49:39 Conscription
55:52 Siege Engineers
55:59 Masonry
Connection lost

Rejoining the realm…

Still unreachable

The connection could not be restored.

Session expired

The server has moved on; the page needs a fresh start.